A SE
ST. LUCIE METS @ CLEARWATER THRESHERS
08/07/2037
 
TOP OF THE 1ST
St. Lucie Mets batting - Pitching for Clearwater Threshers : RHP Tony Corral
Pitching: RHP Tony Corral
Batting: RHB Tony Santana 0-0: Ball
1-0: Ground out 4-3 (Groundball, 4, EV 101.9 MPH)
Batting: RHB Jorge Olivas 0-0: Ball
1-0: Called Strike
1-1: Ball
2-1: Bunt missed!
2-2: Ground out 6-3 (Groundball, 56, EV 103.8 MPH)
Batting: RHB Eddie Young 0-0: Ball
1-0: Ball
2-0: Called Strike
2-1: Ground out 5-3 (Groundball, 5L, EV 93.8 MPH)
Top of the 1st over - 0 runs, 0 hits, 0 errors, 0 left on base; St. Lucie 0 - Clearwater 0
BOTTOM OF THE 1ST
Clearwater Threshers batting - Pitching for St. Lucie Mets : RHP Tony Salcido
Pitching: RHP Tony Salcido
Batting: RHB Ricky Flores 0-0: Ball
1-0: Foul Ball, location: 9LDF
1-1: Called Strike
1-2: Foul Ball, location: 2F
1-2: Foul Ball, location: 9LMF
1-2: Fly out, F8 (Flyball, 8RD, EV 106.9 MPH)
Batting: RHB Gus Munoz 0-0: Ball
1-0: Ball
2-0: Called Strike
2-1: Swinging Strike
2-2: Ball
3-2: Strikes out looking
Batting: LHB Brad Peabody 0-0: Ball
1-0: Called Strike
1-1: Ground out 5-3 (Groundball, 5, EV 83.8 MPH)
Bottom of the 1st over - 0 runs, 0 hits, 0 errors, 0 left on base; St. Lucie 0 - Clearwater 0
TOP OF THE 2ND
St. Lucie Mets batting - Pitching for Clearwater Threshers : RHP Tony Corral
Batting: RHB Chris Ryan 0-0: Ball
1-0: Ball
2-0: Swinging Strike
2-1: Fly out, F8 (Flyball, 8RXD, EV 100.0 MPH)
Batting: RHB Raul Ruiz 0-0: Called Strike
0-1: Called Strike
0-2: Foul Ball, location: 2F
0-2: Strikes out swinging
Batting: RHB Mike Morton 0-0: Swinging Strike
0-1: Foul Ball, location: 9LSF
0-2: Strikes out looking
Top of the 2nd over - 0 runs, 0 hits, 0 errors, 0 left on base; St. Lucie 0 - Clearwater 0
BOTTOM OF THE 2ND
Clearwater Threshers batting - Pitching for St. Lucie Mets : RHP Tony Salcido
Batting: LHB Rodolfo Filho 0-0: Ball
1-0: Foul Ball, location: 5FF
1-1: Called Strike
1-2: Fly out, F8 (Flyball, 8RM, EV 94.4 MPH)
Batting: LHB Donterius Bolton 0-0: Foul Ball, location: 2F
0-1: Ball
1-1: Ball
2-1: Fly out, F9 (Line Drive, 9, EV 106.3 MPH)
Batting: SHB Jose Cerda 0-0: Swinging Strike
0-1: Ball
1-1: Foul Ball, location: 5SF
1-2: Ground out U3 (Groundball, 3L, EV 91.9 MPH)
Bottom of the 2nd over - 0 runs, 0 hits, 0 errors, 0 left on base; St. Lucie 0 - Clearwater 0
TOP OF THE 3RD
St. Lucie Mets batting - Pitching for Clearwater Threshers : RHP Tony Corral
Batting: RHB Melvin Castellano 0-0: Called Strike
0-1: Ball
1-1: Fly out, F9 (Flyball, 9LS, EV 94.4 MPH)
Batting: LHB Bobby LaRue 0-0: DOUBLE (Groundball, 3L, EV 96.9 MPH)
Batting: RHB Jim Unknown 0-0: Ball
1-0: Called Strike
1-1: Ball
2-1: SINGLE (Groundball, 56D, EV 101.3 MPH)
Bobby LaRue to third
Batting: RHB Tony Santana 0-0: Ball
1-0: Ball
2-0: Called Strike
2-1: Called Strike
2-2: Foul Ball, location: 9LDF
2-2: Foul Ball, location: 2F
2-2: Strikes out swinging
Batting: RHB Jorge Olivas 0-0: Ground out U3 (Groundball, 34, EV 90.0 MPH)
Top of the 3rd over - 0 runs, 2 hits, 0 errors, 2 left on base; St. Lucie 0 - Clearwater 0
BOTTOM OF THE 3RD
Clearwater Threshers batting - Pitching for St. Lucie Mets : RHP Tony Salcido
Batting: RHB Russ Reichert 0-0: Called Strike
0-1: Fly out, F4 (Popup, 23, EV 86.3 MPH)
Batting: RHB Oscar Fallas 0-0: Fly out, F9 (Flyball, 89S, EV 85.0 MPH)
Batting: RHB Andres Quinones 0-0: SINGLE (Groundball, 6MD, EV 110.6 MPH)
Batting: RHB Ricky Flores 0-0: Ball
1-0: Foul Ball, location: 9LDF
1-1: Fly out, F3 (Popup, 3S, EV 81.3 MPH)
Bottom of the 3rd over - 0 runs, 1 hit, 0 errors, 1 left on base; St. Lucie 0 - Clearwater 0
TOP OF THE 4TH
St. Lucie Mets batting - Pitching for Clearwater Threshers : RHP Tony Corral
Batting: RHB Eddie Young 0-0: Called Strike
0-1: Called Strike
0-2: Ball
1-2: Foul Ball, location: 3FF
1-2: SINGLE (Flyball, 89S, EV 86.3 MPH)
Batting: RHB Chris Ryan 0-0: Ball
1-0: Foul Ball, location: 2F
1-1: Called Strike
1-2: Foul Ball, location: 9LMF
1-2: Ball
2-2: Strikes out swinging
Batting: RHB Raul Ruiz 0-0: Called Strike
0-1: Ball
1-1: Foul Ball, location: 9LMF
1-2: Foul Ball, location: 7LMFF
1-2: Ball
2-2: Foul Ball, location: 25FF
2-2: Ball
3-2: DOUBLE (Flyball, 8LXD, EV 101.9 MPH)
Eddie Young to third
Batting: RHB Mike Morton 0-0: Fly out, F8 (Line Drive, 8RM, EV 96.3 MPH)
Runner from 3rd tags up, SCORES, throw by CF
Batting: RHB Melvin Castellano 0-0: Ball
1-0: Swinging Strike
1-1: Ground out 1-3 (Groundball, 13, EV 70.0 MPH)
Top of the 4th over - 1 run, 2 hits, 0 errors, 1 left on base; St. Lucie 1 - Clearwater 0
BOTTOM OF THE 4TH
Clearwater Threshers batting - Pitching for St. Lucie Mets : RHP Tony Salcido
Batting: RHB Gus Munoz 0-0: SINGLE (Flyball, 9, EV 90.0 MPH)
Batting: LHB Brad Peabody 0-0: Called Strike
0-1: SINGLE (Line Drive, 78M, EV 106.3 MPH)
Gus Munoz to second
Batting: LHB Rodolfo Filho 0-0: Swinging Strike
0-1: Swinging Strike
0-2: Foul Ball, location: 3SF
0-2: Ball
1-2: Fielders Choice at 2nd, 6-4 (Groundball, 6, EV 86.9 MPH)
Gus Munoz to third
Batting: LHB Donterius Bolton 0-0: Ball
1-0: Called Strike
1-1: Ball
2-1: DOUBLE (Line Drive, 89D, EV 101.9 MPH)
Gus Munoz scores
Rodolfo Filho to third
Batting: SHB Jose Cerda 0-0: Called Strike
0-1: Fly out, F8 (Line Drive, 8RS, EV 90.6 MPH)
Batting: RHB Russ Reichert 0-0: Foul Ball, location: 23F
0-1: Fly out, F8 (Line Drive, 8RD, EV 101.9 MPH)
Bottom of the 4th over - 1 run, 3 hits, 0 errors, 2 left on base; St. Lucie 1 - Clearwater 1
TOP OF THE 5TH
St. Lucie Mets batting - Pitching for Clearwater Threshers : RHP Tony Corral
Batting: LHB Bobby LaRue 0-0: Called Strike
0-1: Ball
1-1: Foul Ball, location: 2F
1-2: Strikes out swinging
Batting: RHB Jim Unknown 0-0: Called Strike
0-1: Swinging Strike
0-2: Strikes out swinging
Batting: RHB Tony Santana 0-0: Ground out 5-3 (Groundball, 56S, EV 78.1 MPH)
Top of the 5th over - 0 runs, 0 hits, 0 errors, 0 left on base; St. Lucie 1 - Clearwater 1
BOTTOM OF THE 5TH
Clearwater Threshers batting - Pitching for St. Lucie Mets : RHP Tony Salcido
Batting: RHB Oscar Fallas 0-0: Fly out, F8 (Flyball, 8LM, EV 85.0 MPH)
Batting: RHB Andres Quinones 0-0: Fly out, F4 (Flyball, 34D, EV 88.1 MPH)
Batting: RHB Ricky Flores 0-0: Ball
1-0: Ball
2-0: Swinging Strike
2-1: Foul Ball, location: 2F
2-2: Fly out, F8 (Flyball, 8RD, EV 107.5 MPH)
Bottom of the 5th over - 0 runs, 0 hits, 0 errors, 0 left on base; St. Lucie 1 - Clearwater 1
TOP OF THE 6TH
St. Lucie Mets batting - Pitching for Clearwater Threshers : RHP Tony Corral
Batting: RHB Jorge Olivas 0-0: Ground out 6-3 (Groundball, 56, EV 103.1 MPH)
Batting: RHB Eddie Young 0-0: Ball
1-0: Swinging Strike
1-1: Ball
2-1: Called Strike
2-2: Ball
3-2: Foul Ball, location: 9LSF
3-2: Base on Balls
Batting: RHB Chris Ryan 0-0: SINGLE (Groundball, 6, EV 80.6 MPH)
Eddie Young to second
Batting: RHB Raul Ruiz 0-0: Ball
1-0: Fly out, F8 (Line Drive, 8RS, EV 100.0 MPH)
Batting: RHB Mike Morton 0-0: Called Strike
0-1: Foul Ball, location: 5SF
0-2: Ball
1-2: Ball
2-2: Ball
3-2: Strikes out swinging
Top of the 6th over - 0 runs, 1 hit, 0 errors, 2 left on base; St. Lucie 1 - Clearwater 1
BOTTOM OF THE 6TH
Clearwater Threshers batting - Pitching for St. Lucie Mets : RHP Tony Salcido
Batting: RHB Gus Munoz 0-0: Ball
1-0: Called Strike
1-1: Called Strike
1-2: Fly out, F4 (Line Drive, 4, EV 64.4 MPH)
Batting: LHB Brad Peabody 0-0: Called Strike
0-1: SINGLE (Groundball, 34D, EV 96.9 MPH)
Batting: LHB Rodolfo Filho 0-0: Ball
1-0: Ball
2-0: Ball
3-0: Base on Balls
Brad Peabody to second
Batting: LHB Donterius Bolton 0-0: Ball
Wild Pitch!
Brad Peabody to third
Rodolfo Filho to second
1-0: Ball
2-0: Foul Ball, location: 2RF
2-1: Ball
3-1: Base on Balls
Batting: SHB Jose Cerda 0-0: Called Strike
0-1: Ball
1-1: Fly out, F7 (Flyball, 78M, EV 85.0 MPH)
Batting: RHB Russ Reichert 0-0: SINGLE (Line Drive, 89S, EV 91.3 MPH)
Brad Peabody scores
Rodolfo Filho to third
Donterius Bolton to second
Batting: RHB Oscar Fallas 0-0: Ball
1-0: SINGLE (Line Drive, 9S, EV 109.4 MPH)
Rodolfo Filho scores
Donterius Bolton to third
Russ Reichert to second
Batting: RHB Andres Quinones 0-0: Ball
1-0: Ball
2-0: Ball
3-0: Base on Balls
Donterius Bolton scores
Russ Reichert to third
Oscar Fallas to second
Batting: RHB Ricky Flores 0-0: Ball
1-0: Foul Ball, location: 3F
1-1: Fly out, F8 (Flyball, 8LD, EV 107.5 MPH)
Bottom of the 6th over - 3 runs, 3 hits, 0 errors, 3 left on base; St. Lucie 1 - Clearwater 4
TOP OF THE 7TH
St. Lucie Mets batting - Pitching for Clearwater Threshers : RHP Tony Corral
Batting: RHB Melvin Castellano 0-0: Called Strike
0-1: SINGLE (Groundball, 6MD, EV 98.8 MPH)
Batting: LHB Bobby LaRue 0-0: Foul Ball, location: 2F
0-1: Ball
1-1: Called Strike
1-2: Ball
2-2: Foul Ball, location: 3DF
2-2: Strikes out looking
Batting: RHB Jim Unknown 0-0: Ball
1-0: Ball
2-0: Grounds into double play, 4-6-3 (Groundball, 4, EV 109.4 MPH)
Top of the 7th over - 0 runs, 1 hit, 0 errors, 0 left on base; St. Lucie 1 - Clearwater 4
BOTTOM OF THE 7TH
Clearwater Threshers batting - Pitching for St. Lucie Mets : RHP Tony Salcido
Batting: RHB Gus Munoz 0-0: Ball
1-0: Fly out, F9 (Flyball, 89D, EV 110.6 MPH)
Batting: LHB Brad Peabody 0-0: Called Strike
0-1: Ball
1-1: Ball
2-1: Foul Ball, location: 2RF
2-2: SINGLE (Line Drive, 78S, EV 103.8 MPH)
Pitching: LHP Hector Guerrero
Batting: LHB Rodolfo Filho 0-0: Ball
1-0: Swinging Strike
1-1: Swinging Strike
1-2: Fly out, F6 (Line Drive, 6, EV 72.5 MPH)
Batting: LHB Donterius Bolton 0-0: Called Strike
0-1: Called Strike
0-2: Foul Ball, location: 2F
0-2: Foul Ball, location: 9LDF
0-2: Ball
1-2: SINGLE (Flyball, 3D, EV 91.9 MPH)
Brad Peabody to second
Pitching: LHP Devin Tabron
Batting: SHB Jose Cerda 0-0: Foul Ball, location: 2F
0-1: Ground out 5-3 (Groundball, 5S, EV 78.8 MPH)
Bottom of the 7th over - 0 runs, 2 hits, 0 errors, 2 left on base; St. Lucie 1 - Clearwater 4
TOP OF THE 8TH
St. Lucie Mets batting - Pitching for Clearwater Threshers : RHP Tony Corral
Pitching: RHP Jim Abbott
Batting: RHB Tony Santana 0-0: Called Strike
0-1: Ball
1-1: Ball
2-1: Swinging Strike
2-2: SINGLE (Line Drive, 9S, EV 103.8 MPH)
Pinch Hitting: RHB Dylan Todman 0-0: Ball
1-0: Called Strike
1-1: Ball
2-1: Ball
3-1: Fly out, F8 (Flyball, 8RD, EV 95.6 MPH)
Batting: RHB Eddie Young 0-0: Foul Ball, location: 2F
0-1: Foul Ball, location: 2F
0-2: Ball
1-2: Ball
2-2: Ball
3-2: Base on Balls
Tony Santana to second
Batting: RHB Chris Ryan 0-0: Ball
1-0: Ball
2-0: Grounds into double play, 6-4-3 (Groundball, 6, EV 86.3 MPH)
Top of the 8th over - 0 runs, 1 hit, 0 errors, 1 left on base; St. Lucie 1 - Clearwater 4
BOTTOM OF THE 8TH
Clearwater Threshers batting - Pitching for St. Lucie Mets : LHP Devin Tabron
Now at 2B: Vinny Pacheco
Batting: RHB Russ Reichert 0-0: SINGLE (Line Drive, 89S, EV 88.1 MPH)
Batting: RHB Oscar Fallas 0-0: SINGLE (Line Drive, 4MD, EV 100.0 MPH)
Russ Reichert to second
Batting: RHB Andres Quinones 0-0: Called Strike
0-1: Swinging Strike
0-2: Foul Ball, location: 5SF
0-2: SINGLE (Groundball, 56D, EV 103.1 MPH)
Russ Reichert to third
Oscar Fallas to second
Batting: RHB Ricky Flores 0-0: Ball
1-0: Called Strike
1-1: SINGLE (Line Drive, 89S, EV 101.3 MPH)
Russ Reichert scores
Oscar Fallas to third
Andres Quinones to second
Batting: RHB Gus Munoz 0-0: Ball
1-0: Swinging Strike
1-1: Called Strike
1-2: Ball
2-2: Foul Ball, location: 2F
2-2: DOUBLE (Line Drive, 89D, EV 100.6 MPH)
Oscar Fallas scores
Andres Quinones scores
Ricky Flores to third
Pitching: RHP Dylan Richer
Batting: LHB Brad Peabody 0-0: Called Strike
0-1: Swinging Strike
0-2: Fly out, F8 (Flyball, 8LM, EV 91.9 MPH)
Batting: LHB Rodolfo Filho 0-0: Swinging Strike
0-1: Foul Ball, location: 5DF
0-2: Ball
1-2: Foul Ball, location: 7LDF
1-2: Ball
2-2: Ball
3-2: SINGLE (Groundball, 3D, EV 103.1 MPH)
Ricky Flores scores
Gus Munoz to third
Batting: LHB Donterius Bolton 0-0: Foul Ball, location: 25FF
0-1: Fly out, F3 (Flyball, 34D, EV 95.0 MPH)
Batting: SHB Jose Cerda 0-0: Called Strike
0-1: Ball
1-1: Swinging Strike
1-2: Ball
2-2: Foul Ball, location: 7LSF
2-2: Strikes out swinging
Bottom of the 8th over - 4 runs, 6 hits, 0 errors, 2 left on base; St. Lucie 1 - Clearwater 8
TOP OF THE 9TH
St. Lucie Mets batting - Pitching for Clearwater Threshers : RHP Jim Abbott
Batting: RHB Raul Ruiz 0-0: Called Strike
0-1: SINGLE (Line Drive, 6D, EV 110.6 MPH)
Pinch Hitting: RHB Chris McConnell 0-0: Called Strike
0-1: Foul Ball, location: 3FF
0-2: Ball
1-2: Foul Ball, location: 5F
1-2: Strikes out swinging
Batting: RHB Melvin Castellano 0-0: Ball
1-0: Called Strike
1-1: Ball
2-1: Ball
3-1: Called Strike
3-2: Strikes out looking
Batting: LHB Bobby LaRue 0-0: Swinging Strike
0-1: Fly out, F8 (Line Drive, 8RM, EV 94.4 MPH)
Top of the 9th over - 0 runs, 1 hit, 0 errors, 1 left on base; St. Lucie 1 - Clearwater 8
Wednesday, March 5th , 2025 - OOTP Baseball 25.11 Build 103